Map: Magma Mines

Players

Loken - Winner!

  • Race: Zerg Zerg
  • League: Platinum
  • Spawn Location: 9:00

dallaskuken - Winner!

  • Race: Protoss Protoss
  • League: Platinum
  • Spawn Location: 11:00

Wolfgang

  • Race: Zerg Zerg
  • League: Silver
  • Spawn Location: 1:00

sonick

  • Race: Zerg Zerg
  • League: Diamond
  • Spawn Location: 3:00

VOD

Have the link to the VOD?

Description

Time

  • Played on: March 28, 2017, 5:38 p.m.
  • Length: 9:44
Show
View Real Time Build Order
Export as new Build Order

Loken Zerg - Winner!

Build Orders: Hatch First 

Get SALT Encoding   

  12  0:01  Drone  
  13  0:12  Drone  
  14  0:22  Overlord  
  14  0:46  Hatchery  
  14  0:49  Drone  
  15  0:50  Drone  
  15  0:53  Drone  
  16  1:03  Drone  
  17  1:14  Drone  
  18  1:23  Spawning Pool  
  18  1:24  Drone  
  18  1:47  Hatchery  
  18  1:52  Drone x2  
  19  1:55  Drone  
  20  2:10  Queen  
  20  2:15  Queen  
  24  2:24  Spine Crawler  
  23  2:30  Spine Crawler  
  23  2:32  Spine Crawler  
  23  2:36  Drone x2  
  23  2:37  Drone  
  24  2:54  Drone  
  24  2:55  Drone x3  
  24  2:57  Overlord  
  28  3:03  Overlord x2  
  28  3:15  Extractor  
  28  3:17  Drone x4, Extractor  
  30  3:20  Drone x4  
  30  3:25  Queen  
  36  3:30  Extractor  
  36  3:32  Extractor  
  34  3:37  Drone  
  34  3:38  Drone x4  
  39  3:54  Drone  
  39  3:55  Drone x5  
  45  4:46  Lair  
  45  4:48  Metabolic Boost  
  45  4:51  Overlord x2  
  45  5:08  Zergling x2  
  45  5:09  Zergling x38  
  45  5:10  Zergling x8  
  69  5:42  Zergling x4  
  71  5:43  Zergling x6  
  71  5:47  Overlord, Spire  
  71  5:48  Overlord x5  
  73  6:59  Mutalisk x11  
  73  7:00  Mutalisk x5  
  105  7:04  Mutalisk  
  107  7:12  Zergling x18  
  116  7:22  Mutalisk x3  
  116  7:27  Overlord x3  
  91  8:58  Mutalisk  
  91  8:59  Mutalisk x10  
Show
View Real Time Build Order
Export as new Build Order

dallaskuken Protoss - Winner!

Build Orders:  

Get SALT Encoding   

  12  0:01  Probe (Chrono Boost)  
  13  0:11  Probe (Chrono Boost)  
  14  0:18  Pylon  
  14  0:26  Probe (Chrono Boost)  
  15  0:37  Gateway  
  15  0:39  Probe (Chrono Boost)  
  16  0:45  Assimilator  
  16  0:49  Probe (Chrono Boost)  
  17  1:01  Probe (Chrono Boost)  
  18  1:11  Assimilator, Probe (Chrono Boost)  
  19  1:22  Probe (Chrono Boost)  
  19  1:25  Zealot  
  22  1:28  Cybernetics Core  
  23  1:33  Probe (Chrono Boost)  
  23  1:37  Pylon  
  23  1:50  Warp Gate  
  23  1:55  Probe (Chrono Boost)  
  24  2:07  Probe (Chrono Boost)  
  25  2:16  Robotics Facility  
  25  2:19  Probe (Chrono Boost)  
  26  2:27  Forge  
  26  2:28  Stalker  
  30  2:33  Mothership Core (Chrono Boost)  
  31  2:53  Probe (Chrono Boost)  
  31  3:11  Gateway x2  
  31  3:13  Gateway  
  31  3:15  Pylon  
  31  3:33  Immortal  
  35  3:45  Pylon  
  35  3:48  Pylon  
  36  4:11  Probe (Chrono Boost)  
  36  4:20  Nexus  
  36  4:22  Pylon  
  36  4:23  Probe (Chrono Boost)  
  41  4:24  Immortal  
  41  4:47  Stalker x4  
  49  5:03  Immortal  
  53  5:12  Pylon  
  53  5:13  Pylon  
  53  5:34  Sentry  
  53  5:35  Sentry x2  
  57  5:36  Sentry  
  65  5:42  Immortal  
  65  6:06  Stalker x3  
  71  6:18  Pylon x2  
  71  7:02  Pylon  
  71  7:03  Stalker, Nexus  
  71  7:04  Stalker x3  
  79  7:16  Assimilator  
  79  7:20  Assimilator  
  80  8:00  Probe (Chrono Boost)  
  80  8:03  Immortal  
  84  8:12  Probe (Chrono Boost)  
  85  8:17  Probe (Chrono Boost)  
  86  8:24  Probe (Chrono Boost)  
  85  8:27  Probe (Chrono Boost)  
  82  8:36  Probe (Chrono Boost)  
  82  8:38  Probe (Chrono Boost)  
  85  8:48  Probe (Chrono Boost)  
Show
View Real Time Build Order
Export as new Build Order

Wolfgang Zerg 

Build Orders: Pool First 

Get SALT Encoding   

  12  0:01  Drone  
  13  0:13  Overlord  
  13  0:18  Drone  
  14  0:30  Drone, Extractor  
  14  0:31  Drone  
  15  0:38  Drone  
  16  0:50  Spawning Pool  
  16  0:52  Drone  
  16  0:59  Drone  
  17  1:10  Drone  
  18  1:18  Drone  
  19  1:36  Drone  
  19  1:37  Queen  
  22  1:43  Overlord  
  22  1:46  Metabolic Boost  
  22  2:02  Zergling x4  
  24  2:12  Zergling x2  
  25  2:21  Roach Warren  
  24  2:24  Zergling x2  
  25  2:38  Zergling x2  
  26  2:46  Zergling x2  
  26  2:47  Zergling x6  
  30  3:03  Overlord  
  30  3:20  Overlord  
  30  3:37  Lair  
  30  3:38  Hatchery  
  30  3:41  Roach x4  
  37  3:47  Spore Crawler  
  36  3:52  Roach  
  36  3:55  Overlord  
  38  4:14  Drone x2  
  38  4:15  Roach  
  42  4:28  Roach  
  44  4:34  Ravager x2  
  45  4:42  Overlord  
  45  4:50  Queen  
  45  4:51  Drone  
  48  4:54  Drone x3  
  51  5:01  Ravager  
  51  5:05  Drone  
  53  5:09  Extractor  
  53  5:10  Drone  
  53  5:14  Drone  
  53  5:15  Drone x3  
  57  5:32  Roach  
  59  5:42  Drone, Evolution Chamber  
  59  5:43  Drone  
  59  5:45  Overlord  
  59  5:48  Extractor  
  54  6:05  Roach x3  
  54  6:06  Drone  
  54  6:07  Drone x2  
  54  6:10  Zerg Missile Weapons Level 1  
  63  6:18  Overseer  
  63  6:19  Overseer  
  63  6:21  Drone x3  
  63  6:25  Roach, Extractor  
  67  6:32  Drone  
  68  6:36  Overlord  
  68  6:49  Overlord  
  68  6:54  Queen  
  68  6:57  Roach  
  68  6:58  Roach  
  74  7:07  Roach  
  80  7:08  Roach x3  
  80  7:09  Roach  
  80  7:10  Overlord  
  77  7:30  Queen  
  59  8:08  Spore Crawler  
  59  8:09  Queen, Spore Crawler  
  59  8:11  Queen  
  55  8:13  Spore Crawler  
  55  8:15  Spore Crawler  
  55  8:16  Drone x4  
  57  8:24  Overlord x2  
  37  8:43  Hydralisk Den  
  27  8:57  Roach x2  
  20  9:11  Roach x2  
  20  9:25  Overlord  
Show
View Real Time Build Order
Export as new Build Order

sonick Zerg 

Build Orders: Pool First, Muta Ling Bane, Zergling Baneling 

Get SALT Encoding   

  12  0:06  Drone  
  13  0:14  Overlord  
  13  0:19  Drone  
  14  0:35  Drone  
  15  0:40  Drone  
  16  0:44  Extractor  
  16  0:45  Spawning Pool  
  16  0:49  Drone  
  15  1:03  Drone  
  16  1:23  Drone  
  16  1:24  Drone  
  18  1:33  Drone  
  18  1:36  Queen  
  21  1:41  Baneling Nest  
  21  1:45  Zergling x2  
  21  1:53  Overlord  
  21  2:05  Zergling x2  
  22  2:17  Zergling x2  
  23  2:27  Zergling x2  
  23  2:29  Hatchery, Metabolic Boost  
  23  2:32  Baneling  
  23  2:33  Baneling  
  23  2:40  Zergling x2  
  24  2:45  Baneling  
  24  2:49  Baneling  
  24  2:57  Zergling x8  
  28  3:25  Zergling x4  
  30  3:28  Lair  
  30  3:32  Extractor  
  29  3:36  Drone  
  29  3:38  Overlord x2  
  30  3:45  Baneling  
  30  3:46  Baneling  
  30  4:10  Drone x5  
  30  4:16  Queen  
  38  4:24  Drone  
  38  4:47  Baneling x2  
  38  4:49  Baneling  
  38  4:58  Drone x3  
  38  4:59  Drone x2  
  43  5:04  Centrifical Hooks  
  43  5:08  Drone  
  43  5:31  Drone x4  
  43  5:32  Drone  
  48  5:36  Extractor  
  48  5:37  Drone x4  
  48  5:39  Extractor  
  48  5:40  Overlord  
  50  5:52  Spire  
  49  6:03  Evolution Chamber  
  48  6:05  Evolution Chamber  
  48  6:10  Overseer  
  47  6:12  Hatchery  
  46  6:27  Nydus Network  
  45  6:53  Pneumatized Carapace  
  45  6:57  Baneling x2  
  45  7:08  Queen  
  47  7:17  Drone x2  
  47  7:18  Drone  
  47  7:19  Corruptor  
  52  7:35  Queen, Spore Crawler  
  52  7:36  Spore Crawler  
  52  7:41  Spore Crawler x2  
  50  7:52  Overlord x3  
  48  8:28  Mutalisk x2  
  48  8:29  Mutalisk x5  
  33  9:03  Zergling x2  
  33  9:04  Zergling x34  
  43  9:21  Zergling x8, Spore Crawler  
Tags
 
Add a new tag
Caveats
  • Supply blocks, unpowered buildings, or Contaminate may cause inaccurate times.
  • Supply counts are checked every 10 seconds.